 Dungeon Crawl Stone Soup version 0.21.0-3-g78d12a8 (webtiles) character file.

2337 dobroeutro the Slasher (level 9, -21/69 HPs)
             Began as a Demonspawn Fighter on Jan 9, 2018.
             Was a Believer of Okawaru.
             Killed from afar by a hell hog (27 damage)
             ... with a fireball
             ... on level 2 of the Abyss.
             The game lasted 00:13:04 (8333 turns).

dobroeutro the Slasher (Demonspawn Fighter)         Turns: 8333, Time: 00:13:05

Health: -21/69     AC:  9    Str: 22      XL:     9   Next: 19%
Magic:  9/9        EV:  9    Int:  9      God:    Okawaru [**....]
Gold:   383        SH: 10    Dex: 11 (13) Spells: 8/8 levels left

rFire    . . .     SeeInvis .   A - +5 dagger "Murmur" {vamp, +Blink rElec}
rCold    . . .     Gourm    .   c - +1 shield
rNeg     . . .     Faith    .   b - +0 scale mail
rPois    .         Spirit   .   h - +1 hat
rElec    +         Reflect  .   (no cloak)
rCorr    .         Harm     .   (no gloves)
MR       .....                  v - +0 pair of boots
Stlth    ..........             F - amulet of rage
HPRegen  0.21/turn              l - +2 ring of strength
MPRegen  0.11/turn              (no ring)

@: drained
A: antennae 1, claws 2, talons 1, demonic guardian 1
a: Heroism, Renounce Religion, Evoke Blink, Evoke Berserk Rage


You were on level 2 of the Abyss.
You worshipped Okawaru.
Okawaru was pleased with you.
You were very hungry.

You visited 2 branches of the dungeon, and saw 9 of its levels.
You visited the Abyss 1 time.

You collected 383 gold pieces.

Inventory:

Hand Weapons
 a - a +1 long sword
 A - the +5 dagger "Murmur" (weapon) {vamp, +Blink rElec}
   (You took it off an orc priest on level 4 of the Dungeon)

   It inflicts no extra harm, but heals its wielder when it wounds a living foe.
   It insulates you from electricity.
   It lets you blink.
Armour
 b - a +0 scale mail (worn)
 c - a +1 shield (worn)
 h - a +1 hat (worn)
 v - a +0 pair of boots (worn)
Jewellery
 l - a +2 ring of strength (left claw)
 y - an uncursed amulet of magic regeneration
 z - an uncursed ring of wizardry {unknown}
 F - an amulet of rage (around neck)
 J - an uncursed ring of magical power
Wands
 s - a wand of clouds (5)
 E - a wand of iceblast (13)
 I - a wand of acid (9)
Scrolls
 m - 6 scrolls of identify
 o - a scroll of enchant weapon
 r - a scroll of enchant armour
 t - 2 scrolls of teleportation
 u - 5 scrolls of remove curse
 w - 2 scrolls of random uselessness
 x - a scroll of blinking
 G - 2 scrolls of immolation
Potions
 d - a potion of might
 e - a potion of heal wounds
 g - a potion of brilliance {unknown}
 i - a potion of flight {unknown}
 j - a potion of resistance {unknown}
 k - 3 potions of curing {unknown}
 n - a potion of mutation {unknown}
 p - 2 potions of magic {unknown}
 q - 3 potions of berserk rage {unknown}
 B - 4 potions of lignification {unknown}
 C - a potion of degeneration {unknown}
 D - a potion of haste {unknown}
 H - a potion of agility {unknown}
Comestibles
 f - 14 rations


   Skills:
 + Level 6.3(6.0) Fighting
 + Level 7.2(6.9) Long Blades
 + Level 5.7(5.4) Armour
 + Level 4.9(4.6) Dodging
 - Level 2.6(2.4) Shields


You had 8 spell levels left.
You didn't know any spells.

Dungeon Overview and Level Annotations

Branches:
Dungeon (8/15)             Temple (1/1) D:7
   Lair: D:8-11

Altars:
Ashenzari
Cheibriados
Dithmenos
Elyvilon
Fedhas
Hepliaklqana
Kikubaaqudgha
Makhleb
Nemelex Xobeh
Okawaru
Qazlal
Ru
Sif Muna
Trog
Uskayaw
Wu Jian
Xom
Yredelemnul
Zin
The Shining One


Innate Abilities, Weirdness & Mutations

You have a pair of small antennae on your head.
You have very sharp fingernails.
You have sharp toenails.
A weak demonic guardian rushes to your aid.


Message History

The fireball explodes!
The fireball engulfs you!
Ouch! That really hurt!
You hear a bellow!
A ynoxinul comes into view.
The ynoxinul bellows!
Your ufetubus hits the small abomination.
Your ufetubus hits the small abomination but does no damage.
The hell hog bites you!
* * * LOW HITPOINT WARNING * * *
Your ufetubus closely misses the small abomination. x2
The ynoxinul gestures.
You closely miss the ufetubus. The hell hog bites you.
* * * LOW HITPOINT WARNING * * *
You block the ynoxinul's attack. The ufetubus hits you.
* * * LOW HITPOINT WARNING * * *
You block the ufetubus's attack. The ufetubus barely misses you.
The ufetubus closely misses you. The hell hog breathes fire at you.
The fireball explodes!
The fireball engulfs you!
You die...

.# . # .#.
#####. #...#
#.....###.#...#
.#.......5.#.h.#
.#...###3x## #
..
.ยง..........#
..#.
##.#.h53#...# .
.
#.##.##......#.
#.#.5.@#....#.#
# #..##.##.#.##
...#. ## .....
#.#... #.#.#
..#..## .#..#
...


You could see a hell hog and 2 ufetubi.

Vanquished Creatures
  Eustachio (D:4)
  An orc warrior (D:7)
  2 sky beasts
  A necrophage (D:6)
  A phantom (D:8)
  A centaur (D:5)
  2 ogres
  3 bullfrogs
  3 scorpions
  3 wights (D:8)
  3 crimson imps
  A quasit (D:7)
  A bullfrog zombie (D:6)
  A hound (D:4)
  3 orc priests
  4 orc wizards
  An iguana (D:4)
  4 worker ants
  A hound skeleton (D:6)
  Robin (D:2)
  10 adders
  4 gnolls (D:6)
  A howler monkey skeleton (D:4)
  5 shadow imps
  2 oozes (D:1)
  7 worms
  3 dart slugs
  8 leopard geckos
  21 orcs
  A ball python (D:4)
  3 giant cockroaches
  19 goblins
  9 hobgoblins
  16 jackals
  6 kobolds
  3 quokkas
  5 bats
  10 frilled lizards
  A jackal zombie (D:4)
  A leopard gecko skeleton (D:5)
  A leopard gecko zombie (D:6)
  7 rats
181 creatures vanquished.

Vanquished Creatures (collateral kills)
  A hippogriff (Temple)
  2 scorpions (D:4)
  A howler monkey (D:4)
  A bullfrog skeleton (D:5)
  A bullfrog zombie (D:7)
  2 orc wizards
  A gnoll (D:8)
  3 orcs
  A quokka (D:6)
13 creatures vanquished.

Grand Total: 194 creatures vanquished

Notes
Turn   | Place    | Note
-------+----------+-------------------------------------------
     0 | D:1      | dobroeutro the Demonspawn Fighter began the quest for the Orb.
     0 | D:1      | Reached XP level 1. HP: 18/18 MP: 1/1
    20 | D:1      | Reached skill level 2 in Long Blades
    76 | D:1      | Gained mutation: You have sharp fingernails. [demonic ancestry]
    76 | D:1      | Reached XP level 2. HP: 14/24 MP: 2/2
   209 | D:1      | Reached skill level 3 in Long Blades
   363 | D:1      | Gained mutation: A weak demonic guardian rushes to your aid. [demonic ancestry]
   363 | D:1      | Reached XP level 3. HP: 24/29 MP: 3/3
  1193 | D:2      | Reached skill level 4 in Long Blades
  1193 | D:2      | Gained mutation: You have very sharp fingernails. [demonic ancestry]
  1193 | D:2      | Reached XP level 4. HP: 35/35 MP: 4/4
  1247 | D:2      | Found an ornate altar of the Wu Jian Council.
  1353 | D:2      | Found a snail-covered altar of Cheibriados.
  1825 | D:2      | Noticed Robin
  1953 | D:2      | Killed Robin
  2239 | D:3      | Reached XP level 5. HP: 41/41 MP: 5/5
  2492 | D:3      | Reached skill level 5 in Long Blades
  3163 | D:4      | Reached skill level 1 in Dodging
  3183 | D:4      | Reached XP level 6. HP: 24/47 MP: 6/6
  3555 | D:4      | Got a steaming dagger {vamp}
  3558 | D:4      | Identified the +5 dagger "Murmur" {vamp, +Blink rElec} (You took it off an orc priest on level 4 of the Dungeon)
  3595 | D:4      | Found a shimmering altar of Xom.
  3834 | D:4      | Noticed Eustachio
  3932 | D:4      | Killed Eustachio
  3932 | D:4      | Gained mutation: You have a pair of small antennae on your head. [demonic ancestry]
  3932 | D:4      | Reached XP level 7. HP: 45/54 MP: 7/7
  4344 | D:5      | Entered Level 5 of the Dungeon
  5149 | D:5      | Reached skill level 6 in Long Blades
  5534 | D:6      | Gained mutation: You have sharp toenails. [demonic ancestry]
  5534 | D:6      | Reached XP level 8. HP: 50/61 MP: 8/8
  5942 | D:6      | Reached skill level 5 in Fighting
  6107 | D:6      | Found a hazy altar of Hepliaklqana.
  6108 | D:6      | Found a hide-covered altar of Uskayaw.
  6108 | D:6      | Found a shattered altar of Ashenzari.
  6516 | D:6      | Found a stormy altar of Qazlal.
  6605 | D:7      | Noticed a hippogriff
  6639 | D:7      | Found a staircase to the Ecumenical Temple.
  6657 | Temple   | Entered the Ecumenical Temple
  6826 | Temple   | Became a worshipper of Warmaster Okawaru
  6927 | Temple   | Killed a hippogriff
  6927 | Temple   | Reached * piety under Okawaru
  6927 | Temple   | Reached skill level 5 in Armour
  7546 | D:7      | Reached skill level 7 in Long Blades
  7731 | D:8      | Reached XP level 9. HP: 49/69 MP: 9/9
  8073 | D:8      | Reached ** piety under Okawaru
  8259 | D:7      | Cast into level 2 of the Abyss (gnoll sergeant)
  8324 | Abyss:2  | Noticed a hell hog
  8333 | Abyss:2  | Killed from afar by a hell hog

Skill      XL: |  1  2  3  4  5  6  7  8 |
---------------+-------------------------+-----
Long Blades    | 2 3 4 5 6 7 |  7.2
Armour         | 3 4 5 |  5.7
Dodging        | 1 2 3 4 |  4.9
Fighting       | 4 6 |  6.3
Shields        | |  2.6

Action                   |  1- 3 |  4- 6 |  7- 9 || total
-------------------------+-------+-------+-------++-------
Melee: Long sword        |   140 |   266 |       ||   406
       Dagger            |       |    99 |   572 ||   671
 Abil: Evoke Berserk Rag |       |       |     2 ||     2
  Use: Scroll            |       |       |    12 ||    12
  Eat: Chunk             |     1 |     8 |     8 ||    17
       Ration            |       |     2 |     2 ||     4
Armor: Scale mail        |    81 |   177 |   187 ||   445
Dodge: Dodged            |    48 |   112 |   161 ||   321
Block: Shield            |    92 |   166 |   225 ||   483
       Rpst.: Long sword |    17 |    26 |       ||    43
